 Dungeon Sprint DCSS version 0.30-a0-715-gdb4ae3ece1 (webtiles) character file.

Game seed: 17491986658620705760

132 rocky1 the Geomancer (level 9, -5/45 HPs)
             Began as a Deep Elf Earth Elementalist on Jan 24, 2023.
             Was an Elder of Vehumet.
             Killed from afar by a deep elf zephyrmancer (25 damage)
             ... with a bolt of lightning
             ... in the Dungeon (Sprint VI: "Thunderdome").
             The game lasted 00:06:40 (593 turns).

rocky1 the Geomancer (Deep Elf Earth Elementalist)   Turns: 593, Time: 00:06:40

Health: -5/45      AC:  2    Str: 11    XL:     9   Next: 11%
Magic:  26/28      EV: 13    Int: 30    God:    Vehumet [****..]
Gold:   130        SH:  0    Dex: 17    Spells: 30/35 levels left

rFire   + . .      SeeInvis .    h - +0 short sword
rCold   + + +      Faith    .    (no shield)
rNeg    . . .      Spirit   .    a - +0 robe
rPois   +          Reflect  .    (no helmet)
rElec   .          Harm     .    (no cloak)
rCorr   +          Rampage  .    (no gloves)
Will    .....      NoTele   +    (no boots)
Stlth   ++                       n - amulet "Yluvof" {RegenMP rC+++}
HPRegen 0.27/turn                p - ring of Ucini {Fly rF+ rCorr Int+5}
MPRegen 0.61/turn                m - ring of the Barracuda {rPois Str+6 Dex+2}

@: flying
A: no striking features
a: Renounce Religion


You were in the Dungeon.
You worshipped Vehumet.
Vehumet was greatly pleased with you.
You visited 1 branch You collected 400 gold pieces.
You spent 270 gold pieces at shops.

Inventory:

Hand Weapons
 h - a +0 short sword (weapon)
Armour
 a - a +0 robe (worn)
Jewellery
 l - the amulet "Loex" {Acrobat rF+ Dex+3}
   (You bought it in a shop in the Dungeon)

   [amulet of the acrobat]

   It increases your evasion while moving and waiting.
   Dex:       It affects your dexterity (+3).
   rF:        It protects you from fire.
 m - the ring of the Barracuda (right hand) {rPois Str+6 Dex+2}
   (You bought it in a shop in the Dungeon)

   [ring of strength]

   Str:       It affects your strength (+6).
   Dex:       It affects your dexterity (+2).
   rPois:     It protects you from poison.
 n - the amulet "Yluvof" (around neck) {RegenMP rC+++}
   (You bought it in a shop in the Dungeon)

   [amulet of magic regeneration]

   It increases your rate of magic regeneration.
   rC:        It renders you almost immune to cold.
 o - the amulet "Syceray" {Reflect rElec Regen+ SH+5}
   (You bought it in a shop in the Dungeon)

   [amulet of reflection]

   It reflects blocked missile attacks.
   rElec:     It insulates you from electricity.
   Regen:     It increases your rate of health regeneration.
   SH:        It affects your SH (+5).
 p - the ring of Ucini (left hand) {Fly rF+ rCorr Int+5}
   (You bought it in a shop in the Dungeon)

   [ring of flight]

   Int:       It affects your intelligence (+5).
   rF:        It protects you from fire.
   Fly:       It grants you flight.
   rCorr:     It protects you from acid and corrosion.
 q - the amulet "Junlavve" {+Inv rN+ Regen+}
   (You bought it in a shop in the Dungeon)

   [amulet of regeneration]

   rN:        It protects you from negative energy.
   +Inv:      It lets you turn invisible.
   Regen:     It increases your rate of health regeneration.
Wands
 i - a wand of quicksilver (4)
 j - a wand of roots (1)
Scrolls
 g - 3 scrolls of blinking
 k - 3 scrolls of fog
Potions
 b - 3 potions of magic
 c - a potion of curing
 d - a potion of heal wounds
 e - 4 potions of haste
 f - a potion of berserk rage


   Skills:
 - Level 2.4 Dodging
 - Level 2.4 Stealth
 + Level 13.9 Spellcasting
 + Level 7.8 Conjurations
 - Level 1.1 Transmutations
 * Level 10.1 Fire Magic
 + Level 14.9 Earth Magic


You had 30 spell levels left.
You knew the following spells:

 Your Spells              Type           Power      Damage    Failure   Level
a - Sandblast             Erth           100%       2d20      0%          1
b - Stone Arrow           Conj/Erth      100%       3d13      1%          3
c - Foxfire               Conj/Fire      100%       2x1d9     1%          1

Your spell library contained the following spells:

 Spells                   Type           Power      Damage    Failure   Level
 Ignite Poison            Fire/Tmut/Pois 43%        N/A       1%          3
 Passwall                 Tmut/Erth      51%        N/A       1%          2
 Petrify                  Tmut/Erth      62%        N/A       1%          4


Dungeon Overview and Level Annotations

Branches:
Dungeon (1/1)

Altars:
Cheibriados
Dithmenos
Fedhas
Gozag
Kikubaaqudgha
Makhleb
Okawaru
Qazlal
Ru
Sif Muna
Trog
Uskayaw
Vehumet
Wu Jian
Xom
Yredelemnul
Zin
The Shining One
Lugonu

Shops:
D *[??*?*:[((!!!!


Message History

You start to feel less resistant.
A deep elf knight comes into view. It is wielding a +0 short sword.
Your resistance to elements expires.
You see here a +0 dire flail.
The deep elf knight unwields a +0 short sword.
The deep elf knight wields a +0 shortbow.
The deep elf knight shoots an arrow.
The arrow closely misses you.
The deep elf knight casts a spell.
The deep elf knight seems to speed up.
Aiming: Quicksilver Bolt
Press: ? - help, Shift-Dir - straight line, f - deep elf knight
Aim: a deep elf knight, wielding a +0 shortbow (fast, 46% to hit)
The bolt of dispelling energy hits the deep elf knight!
The deep elf knight is moderately wounded.
The deep elf knight's magical effects unravel!
A deep elf zephyrmancer comes into view.
It is wielding a +0 short sword.
Aiming: Stone Arrow (safe; 1% risk of failure)
Press: ? - help, Q - select action, (/) - cycle Shift-Dir - straight line, f/p - deep elf knight
Aim: a deep elf knight, wielding a +0 shortbow (moderately wounded, 58% to hit)
The stone arrow misses the deep elf knight.
The deep elf knight shoots an arrow.
The arrow closely misses you.
Aiming: Stone Arrow (safe; 1% risk of failure)
Press: ? - help, Q - select action, (/) - cycle Shift-Dir - straight line, f/p - deep elf knight
Aim: a deep elf knight, wielding a +0 shortbow (moderately wounded, 58% to hit)
The stone arrow hits the deep elf knight!!
The deep elf knight is severely wounded.
The deep elf zephyrmancer points at you and mumbles some strange words.
The bolt of lightning hits you!!
Ouch! That really hurt!
Aiming: Stone Arrow (safe; 1% risk of failure)
Press: ? - help, Q - select action, (/) - cycle Shift-Dir - straight line, f/p - deep elf knight
Aim: a deep elf knight, wielding a +0 shortbow (severely wounded, 58% to hit)
The stone arrow hits the deep elf knight!!
You kill the deep elf knight!
Vehumet accepts your kill.
You feel your power returning.
The deep elf zephyrmancer gestures at you while chanting.
The bolt of lightning hits you!!
Ouch! That really hurt!
You die...

######.8.........8.####
##.___......###......___
###∩.......)8.# #.8.......
##...†.........###.........
#⌠..........###...###......
#⌠.....).†..# #.<.# #.†....
#⌠....÷.....###...###......
##.............###.........
###∩.....@..8.# #.8.......
##∩.__...)..###.......__
######.8.....[...8.####
#⌠...........⌠#
###.........### #_......._#
#..e....._# #........_#
#∩.......∩#


You could see a deep elf zephyrmancer.

Vanquished Creatures
  A deep elf knight (D)
  A deep elf zephyrmancer (D)
  A deep elf pyromancer (D)
  A redback (D)
  3 nagas (D)
  4 water moccasins (D)
  7 scorpions (D)
  A killer bee (D)
19 creatures vanquished.

Vanquished Creatures (others)
  2 foxfires (D)
2 creatures vanquished.

Grand Total: 21 creatures vanquished

Notes
Turn   | Place    | Note
-------+----------+-------------------------------------------
     0 | D        | rocky1 the Deep Elf Earth Elementalist began the quest for
                  | the Orb.
     0 | D        | Reached XP level 1. HP: 10/10 MP: 6/6
     4 | D        | Found a sacrificial altar of Ru.
     4 | D        | Found a burning altar of Makhleb.
     5 | D        | Found a corrupted altar of Lugonu.
     5 | D        | Found a snail-covered altar of Cheibriados.
     5 | D        | Round 1.
     6 | D        | Found an opulent altar of Gozag.
     6 | D        | Found a blossoming altar of Fedhas.
     7 | D        | Noticed a scorpion
     7 | D        | Found Evanam's Distillery.
     7 | D        | Found a glowing silver altar of Zin.
     7 | D        | Found Ewiw's Do-It-Yourself Clinic.
    17 | D        | Found Fyadorch's Distillery.
    17 | D        | Found Dipofy's Bottled Wisdom.
    20 | D        | Killed a scorpion
    21 | D        | Reached skill level 7 in Earth Magic
    21 | D        | Reached XP level 2. HP: 10/15 MP: 0/11
    21 | D        | Reached XP level 3. HP: 13/19 MP: 0/12
    60 | D        | Noticed a scorpion
    64 | D        | Found a radiant altar of Vehumet.
    67 | D        | Found Malog's Staff Store.
    68 | D        | Found a glowing golden altar of the Shining One.
    68 | D        | Found an ornate altar of the Wu Jian Council.
    68 | D        | Found a shimmering altar of Xom.
    68 | D        | Found Qusad's Magic Scroll Shop.
    68 | D        | Found Urumud's Must-Have Magic.
    68 | D        | Found Xoinaowel's Magic Scroll Shop.
    69 | D        | Killed a scorpion
    70 | D        | Reached skill level 9 in Earth Magic
    70 | D        | Reached XP level 4. HP: 24/24 MP: 6/15
    88 | D        | Noticed a redback
    88 | D        | Killed a redback
    89 | D        | Reached skill level 11 in Earth Magic
    89 | D        | Reached XP level 5. HP: 28/28 MP: 7/19
    95 | D        | Reached skill level 10 in Spellcasting
    95 | D        | Reached XP level 6. HP: 23/32 MP: 6/21
   100 | D        | Became a worshipper of Vehumet
   107 | D        | Found a shadowy altar of Dithmenos.
   108 | D        | Found a basalt altar of Yredelemnul.
   109 | D        | Found an ancient bone altar of Kikubaaqudgha.
   112 | D        | Found a stormy altar of Qazlal.
   112 | D        | Found a bloodstained altar of Trog.
   112 | D        | Found Lemohum's Identification Station.
   114 | D        | Found Myiffaum's Jewellery.
   114 | D        | Found Wuigoy Odef's Advanced Armour.
   118 | D        | Found a shimmering blue altar of Sif Muna.
   123 | D        | Found Zanar's Premium Goods.
   124 | D        | Found an iron altar of Okawaru.
   124 | D        | Found a hide-covered altar of Uskayaw.
   124 | D        | Found Gyuw's Weapon Rack.
   125 | D        | Found Jolunlek's Miscellaneous Merchandise.
   125 | D        | Found Kutsaup's Basic Armour.
   150 | D        | Arena points: 12 (+12) [x2]
   151 | D        | Reached skill level 12 in Earth Magic
   198 | D        | Learned a level 3 spell: Stone Arrow
   205 | D        | Round 2.
   208 | D        | Noticed a water moccasin
   210 | D        | Killed a water moccasin
   211 | D        | Reached skill level 13 in Earth Magic
   239 | D        | Reached * piety under Vehumet
   239 | D        | Offered knowledge of Foxfire by Vehumet.
   250 | D        | Learned a level 1 spell: Foxfire
   296 | D        | Reached XP level 7. HP: 36/36 MP: 19/23
   338 | D        | Reached ** piety under Vehumet
   338 | D        | Offered knowledge of Magic Dart by Vehumet.
   338 | D        | Arena points: 48 (+36) [x3]
   383 | D        | Round 3.
   395 | D        | Reached skill level 5 in Fire Magic
   397 | D        | Reached skill level 5 in Conjurations
   420 | D        | Reached *** piety under Vehumet
   421 | D        | Reached skill level 14 in Earth Magic
   421 | D        | Reached XP level 8. HP: 38/41 MP: 18/26
   465 | D        | Arena points: 132 (+84) [x4]
   498 | D        | Round 4.
   502 | D        | Bought a flickering pewter amulet for 45 gold pieces
   502 | D        | Identified the amulet "Loex" {Acrobat rF+ Dex+3} (You
                  | bought it in a shop in the Dungeon)
   502 | D        | Bought a warped granite ring for 45 gold pieces
   502 | D        | Identified the ring of the Barracuda {rPois Str+6 Dex+2}
                  | (You bought it in a shop in the Dungeon)
   502 | D        | Bought a scorched amethyst amulet for 45 gold pieces
   502 | D        | Identified the amulet "Yluvof" {RegenMP rC+++} (You bought
                  | it in a shop in the Dungeon)
   502 | D        | Bought a brightly glowing graven amulet for 45 gold pieces
   502 | D        | Identified the amulet "Syceray" {Reflect rElec Regen+ SH+5}
                  | (You bought it in a shop in the Dungeon)
   502 | D        | Bought a vibrating glass ring for 45 gold pieces
   502 | D        | Identified the ring of Ucini {Fly rF+ rCorr Int+5} (You
                  | bought it in a shop in the Dungeon)
   502 | D        | Bought a bound pewter amulet for 45 gold pieces
   502 | D        | Identified the amulet "Junlavve" {+Inv rN+ Regen+} (You
                  | bought it in a shop in the Dungeon)
   517 | D        | Noticed a deep elf zephyrmancer
   524 | D        | Killed a deep elf zephyrmancer
   524 | D        | Offered knowledge of Ignite Poison by Vehumet.
   548 | D        | Noticed a deep elf pyromancer
   565 | D        | Killed a deep elf pyromancer
   565 | D        | Reached **** piety under Vehumet
   566 | D        | Reached skill level 10 in Fire Magic
   566 | D        | Reached XP level 9. HP: 42/45 MP: 21/28
   582 | D        | Noticed a deep elf knight
   590 | D        | Noticed a deep elf zephyrmancer
   593 | D        | Killed a deep elf knight
   593 | D        | Killed from afar by a deep elf zephyrmancer

Illustrated notes

Levels and vault maps discovered:
D:        arena_sprint

Skill      XL: |  1  2  3  4  5  6  7  8 |
---------------+-------------------------+-----
Spellcasting   | 6 7 9 10 11 12 13 | 13.9
Earth Magic    | 7 9 11 13 14 | 14.9
Conjurations   | 3 5 7 |  7.8
Fire Magic     | 2 6 10 | 10.1
Dodging        | |  2.4
Stealth        | |  2.4
Transmutations | |  1.1

Action                     |  1- 3 |  4- 6 |  7- 9 || total
---------------------------+-------+-------+-------++-------
   Cast: Sandblast         |     8 |    12 |     9 ||    29
         Stone Arrow       |       |       |    15 ||    15
         Foxfire           |       |       |     1 ||     1
  Evoke: Wand              |     4 |       |     1 ||     5
    Use: Potion            |     2 |       |     2 ||     4
         Scroll            |     1 |       |       ||     1
 Armour: Robe              |     1 |     1 |       ||     2
  Dodge: Dodged            |    10 |     1 |     4 ||    15

Table legend: (Time is in decaauts)
 A = Elapsed time spent in this place.
 B = Non-inter-level travel time spent in this place.
 C = Inter-level travel time spent in this place.
 D = Time resting spent in this place.
 E = Time spent auto-exploring this place.
 F = Levels seen in this place.
 G = Mean time per level.
                   A        B        C        D        E       F      G
               +--------+--------+--------+--------+--------+-----+--------+
         Total |    606 |    606 |      0 |    247 |      0 |   1 |  606.0 |
       Dungeon |    606 |    606 |      0 |    247 |      0 |   1 |  606.0 |
               +--------+--------+--------+--------+--------+-----+--------+

Top non-repeatable levels by time:
       D: 606 daAuts
